Map: Echo LE (Void)

Players

lIlIlIlIlIlI - Winner!

  • Race: Terran Terran
  • League: Grandmaster

DeMusliM

  • Race: Terran Terran
  • League: Grandmaster

VOD

Have the link to the VOD?

Description

Time

  • Played on: Nov. 30, 2016, 3:53 p.m.
  • Length: 7:03
Show
View Real Time Build Order
Export as new Build Order

lIlIlIlIlIlI Terran - Winner!

Build Orders: 1/1/1, Banshee Rush 

Get SALT Encoding   

  12  0:00  SCV  
  13  0:13  SCV  
  14  0:17  Supply Depot  
  14  0:25  SCV  
  15  0:36  Refinery  
  15  0:39  SCV  
  16  0:45  Barracks  
  16  0:51  SCV  
  16  0:55  Refinery  
  17  1:03  SCV  
  18  1:15  SCV  
  19  1:32  Orbital Command  
  20  1:34  Factory  
  20  1:38  Reaper  
  20  1:47  Supply Depot  
  20  1:57  SCV  
  21  2:10  Barracks Reactor, SCV  
  22  2:17  Factory Tech Lab  
  22  2:18  Starport  
  22  2:22  SCV  
  23  2:34  SCV  
  23  2:35  Supply Depot  
  24  2:44  Widow Mine  
  24  2:46  SCV  
  27  2:53  Marine x2  
  27  2:58  SCV  
  30  3:01  Cloaking Field  
  30  3:02  Banshee  
  33  3:09  Supply Depot  
  33  3:10  SCV  
  33  3:11  Marine x2  
  36  3:29  Marine x2  
  38  3:35  SCV  
  38  3:41  Command Center  
  38  3:46  Raven, Marine x2  
  42  3:54  Supply Depot, Factory Tech Lab  
  42  3:55  SCV  
  43  4:04  Marine x2  
  43  4:07  SCV  
  45  4:15  Siege Tank  
  48  4:22  Marine x2, SCV  
  51  4:31  Banshee  
  53  4:35  SCV  
  54  4:41  Marine  
  55  4:53  Siege Tank, SCV  
  55  4:59  Orbital Command  
  60  5:05  SCV  
  60  5:18  Orbital Command  
  60  5:21  Marine  
  60  5:22  Viking  
  60  5:23  Viking  
  60  5:25  SCV  
  66  5:37  SCV  
  66  5:38  Supply Depot  
  66  5:39  Marine  
  68  5:50  Refinery  
  68  5:54  Viking  
  70  5:59  Siege Tank  
  70  6:00  SCV x2  
  70  6:03  Viking  
  77  6:04  Marine  
  78  6:23  Marine, SCV x2  
  68  6:35  SCV x2  
  48  6:41  Marine  
  48  6:47  SCV x2  
  48  6:52  Command Center  
  48  7:01  Refinery  
Show
View Real Time Build Order
Export as new Build Order

DeMusliM Terran 

Build Orders: 1/1/1, Banshee Rush 

Get SALT Encoding   

  12  0:00  SCV  
  13  0:13  SCV  
  14  0:17  Supply Depot  
  14  0:25  SCV  
  15  0:28  Refinery  
  15  0:39  SCV  
  16  0:44  Barracks  
  16  0:51  SCV  
  17  1:01  Refinery  
  17  1:03  SCV  
  18  1:15  SCV  
  19  1:32  Orbital Command  
  19  1:33  Factory  
  19  1:37  Reaper  
  20  1:57  SCV  
  21  2:02  Supply Depot  
  21  2:09  Marine  
  21  2:13  Supply Depot  
  21  2:14  SCV  
  23  2:19  Starport  
  23  2:20  Factory Tech Lab  
  23  2:26  SCV  
  24  2:36  Marine  
  25  2:38  SCV  
  26  2:50  SCV  
  27  2:54  Widow Mine  
  29  2:58  Marine  
  29  3:02  SCV, Cloaking Field, Banshee  
  34  3:10  Supply Depot  
  34  3:14  SCV  
  34  3:16  Marine  
  36  3:26  SCV  
  37  3:34  Marine  
  37  3:39  SCV  
  38  3:42  Factory Tech Lab  
  38  3:45  Raven  
  40  3:51  SCV  
  40  3:52  Command Center  
  40  3:55  Barracks Reactor  
  41  4:03  SCV  
  41  4:07  Siege Tank  
  45  4:15  SCV  
  46  4:19  Supply Depot  
  46  4:31  Viking  
  46  4:34  Marine  
  46  4:35  Marine  
  46  4:37  Supply Depot  
  47  4:42  SCV  
  47  4:44  Siege Tank  
  51  4:50  Engineering Bay  
  51  4:58  SCV  
  52  5:05  Orbital Command  
  52  5:08  Marine  
  52  5:10  SCV  
  52  5:11  Medivac x2  
  58  5:17  Missile Turret  
  58  5:22  SCV  
  59  5:33  Orbital Command  
  59  5:34  SCV  
  60  5:39  Marine  
  61  5:45  Command Center  
  61  5:46  SCV  
  61  5:48  Missile Turret  
  62  5:52  Siege Tank  
  64  6:00  SCV  
  63  6:10  SCV  
  61  6:12  SCV  
  61  6:22  SCV  
  47  6:37  Marine  
  47  6:39  SCV x2  
Tags
 
Add a new tag
Caveats
  • Supply blocks, unpowered buildings, or Contaminate may cause inaccurate times.
  • Supply counts are checked every 10 seconds.